 Dungeon Crawl Stone Soup version 0.29.1-1-gd02db69 (webtiles) character file.

Game seed: 7191663222515917465

147 Timinator the Ruffian (level 4, -3/36 HPs)
             Began as a Demigod Transmuter on Dec 18, 2022.
             Splashed by a jelly's acid (8 damage)
             ... on level 4 of the Dungeon.
             The game lasted 00:10:32 (2706 turns).

Timinator the Ruffian (Demigod Transmuter)          Turns: 2706, Time: 00:10:34

Health: -3/36      AC: -4    Str: 15    XL:     4   Next: 81%
Magic:  8/9        EV: 12    Int: 18    God:
Gold:   181        SH:  0    Dex: 20    Spells: 4/7 levels left

rFire   . . .      SeeInvis .     - Unarmed
rCold   . . .      Faith    .   (no shield)
rNeg    . . .      Spirit   .   c - +0 leather armour
rPois   .          Reflect  .   q - +1 helmet {Int+3}
rElec   .          Harm     .   r - +1 cloak "Nirel" {+Inv}
rCorr   .          Rampage  .   (no gloves)
Will    .....                   (no boots)
Stlth   ++........              (no amulet)
HPRegen 0.12/turn               k - +6 ring of dexterity
MPRegen 0.11/turn               (no ring)

@: wereblooded, corroded
A: high MP 1, forlorn, divine attributes
a: Evoke Invisibility


You were on level 4 of the Dungeon.
You visited 1 branch of the dungeon, and saw 4 of its levels.

You collected 181 gold pieces.

Inventory:

Missiles
 s - 3 boomerangs
Armour
 a - a +0 ring mail
 c - a +0 leather armour (worn)
 q - a +1 helmet of intelligence (worn)
 r - the +1 cloak "Nirel" (worn) {+Inv}
   (You found it on level 3 of the Dungeon)

   +Inv:      It lets you turn invisible.
Jewellery
 k - a +6 ring of dexterity (left hand)
Scrolls
 d - a scroll of teleportation
 e - a scroll of brand weapon
 j - 2 scrolls of summoning
Potions
 b - a potion of berserk rage
 f - a potion of attraction {unknown}
 h - a potion of might
 l - a potion of brilliance {unknown}
 o - a potion of curing {unknown}
 p - a potion of degeneration


   Skills:
 * Level 1.6 Fighting
 * Level 1.5 Armour
 * Level 2.4 Dodging
 + Level 0.2 Stealth
 + Level 3.5 Unarmed Combat
 + Level 2.1 Spellcasting
 * Level 2.6 Transmutations


You had 4 spell levels left.
You knew the following spells:

 Your Spells              Type           Power      Damage    Failure   Level
a - Beastly Appendage     Tmut           22%        N/A       8%          1
b - Wereblood             Tmut           11%        N/A       11%         2

Your spell library contained the following spells:

 Spells                   Type           Power      Damage    Failure   Level
 Spider Form              Tmut/Pois      6%         N/A       36%         3
 Ice Form                 Ice/Tmut       6%         N/A       77%         4


Dungeon Overview and Level Annotations

Branches:
Dungeon (4/15)
 Temple: D:4-7


Innate Abilities, Weirdness & Mutations

You have an increased reservoir of magic. (+10% MP)
You shall have no god before yourself.
Your divine heritage dramatically boosts your attributes as you level up.


Message History

The dart slug is severely wounded.
The dart slug barely misses you.
You hit the dart slug but do no damage.
The dart slug is severely wounded.
You hit the dart slug.
You kill the dart slug!
Found a scroll of teleportation.
The jelly quivers.
Casting: Wereblood (safe; 11% risk of failure)
Confirm with . or Enter, or press ? or * to list all spells.
Your blood is infused with primal strength.
You hit the jelly. The acid corrodes you!
Your hands burn!
The jelly is lightly wounded.
The jelly closely misses you.
You hit the jelly but do no damage.
Your hands burn!
The jelly is lightly wounded.
The jelly closely misses you.
You hit the jelly but do no damage.
Your hands burn!
The jelly is lightly wounded.
The jelly hits you but does no damage.
You hit the jelly.
Your hands burn!
The jelly is moderately wounded.
The jelly closely misses you.
You hit the jelly.
Your hands burn!
The jelly is heavily wounded.
The jelly hits you but does no damage.
You hit the jelly. The acid corrodes you!
Your hands burn!
The jelly is severely wounded.
The jelly hits you. The acid corrodes you!
You are splashed with acid!
You hit the jelly but do no damage.
Your hands burn!
* * * LOW HITPOINT WARNING * * *
The jelly is severely wounded.
The jelly misses you.
You hit the jelly but do no damage.
Your hands burn!
* * * LOW HITPOINT WARNING * * *
The jelly is severely wounded.
The jelly hits you.
* * * LOW HITPOINT WARNING * * *
You are splashed with acid!
You die...

..## ..... ...##
..... #..### ......
###...## ....?.
###......##......
#..<............#
......#..........#..
....# #.......##....
... #.....@J..#.#. .
........##=....
...###..## ##?.#
#... ...## .#
###...... .# ......
. ...#.. .....


You could see a jelly.

Vanquished Creatures
  The ghost of steven32 the Shooter, an amateur SpAM (D:3)
  3 adders (D:2)
  2 worms (D:2)
  2 dart slugs
  An orc (D:3)
  4 ball pythons
  3 endoplasms
  6 giant cockroaches
  8 goblins
  4 hobgoblins
  4 kobolds
  3 bats
  A frilled lizard (D:3)
  4 rats
46 creatures vanquished.

Notes
Turn   | Place    | Note
-------+----------+-------------------------------------------
     0 | D:1      | Timinator the Demigod Transmuter began the quest for the
                  | Orb.
     0 | D:1      | Reached XP level 1. HP: 15/15 MP: 5/5
   725 | D:1      | Reached XP level 2. HP: 19/22 MP: 5/7
   745 | D:2      | Reached skill level 1 in Fighting
   745 | D:2      | Reached skill level 3 in Unarmed Combat
   816 | D:2      | Reached XP level 3. HP: 26/28 MP: 8/8
  1873 | D:2      | Reached skill level 1 in Armour
  1946 | D:2      | Learned a level 2 spell: Wereblood
  2034 | D:3      | Identified the +1 cloak "Nirel" {+Inv}
  2187 | D:3      | Found a runed translucent door.
  2216 | D:3      | Noticed steven32's ghost (amateur SpAM)
  2239 | D:3      | Killed steven32's ghost
  2240 | D:3      | Reached XP level 4. HP: 35/35 MP: 9/9
  2706 | D:4      | Splashed by a jelly's acid

Illustrated notes

Levels and vault maps discovered:
D:1:      minmay_arrival_hallway, layout_basic,
          ebering_ecumenical_altar_sacrificial
D:2:      layout_loops_cross, basic_altar, minmay_three_crescents
D:3:      layout_rooms, gammafunk_ghost_grave
D:4:      layout_rooms, portal_sewer_entry_f, uniq_edmund

Skill      XL: |  1  2  3 |
---------------+----------+-----
Transmutations | 2 |  2.6
Fighting       | 1 |  1.6
Dodging        | 2 |  2.4
Unarmed Combat | 3 |  3.5
Spellcasting   | 2 |  2.1
Armour         | 1 |  1.5
Stealth        | |  0.2

Action                   |  1- 3 |  4- 6 || total
-------------------------+-------+-------++-------
Melee: Unarmed           |   120 |    31 ||   151
       Kick              |    18 |       ||    18
       Headbutt          |    12 |       ||    12
       Punch             |     3 |     1 ||     4
 Cast: Beastly Appendage |    18 |       ||    18
       Wereblood         |     1 |     3 ||     4
  Use: Potion            |     1 |       ||     1
       Scroll            |       |    10 ||    10
 Stab: Sleeping          |     1 |     1 ||     2
Armor: Robe              |     6 |       ||     6
       Leather armour    |    16 |    10 ||    26
       Skin              |    14 |     2 ||    16
Dodge: Dodged            |    43 |    15 ||    58
